Map: Alcyone LE

Players

llllllllllll

  • Race: Terran Terran
  • League: Grandmaster
  • Spawn Location: 1:00

A.I. 2 (Very Easy) - Winner!

  • Race: Protoss Protoss
  • Spawn Location: 7:00

VOD

Have the link to the VOD?

Description

Time

  • Played on: Oct. 11, 2024, 2:02 p.m.
  • Length: 7:23
Show
View Real Time Build Order
Export as new Build Order

llllllllllll Terran 

Build Orders: Liberator Opening 

Get SALT Encoding   

  12  0:00  SCV  
  13  0:12  SCV  
  14  0:18  Supply Depot  
  14  0:24  SCV  
  15  0:39  SCV  
  15  0:41  Barracks  
  16  0:45  Refinery  
  16  0:51  SCV  
  17  1:04  SCV  
  18  1:16  SCV  
  19  1:28  Orbital Command  
  19  1:29  Barracks Reactor  
  19  1:44  Command Center  
  19  1:50  Supply Depot  
  19  1:54  SCV  
  20  2:05  Marine  
  20  2:07  Marine  
  20  2:08  Factory  
  22  2:11  SCV  
  23  2:19  Refinery  
  23  2:23  SCV  
  23  2:26  Marine x2  
  26  2:36  SCV  
  27  2:44  Marine x2  
  27  2:48  SCV  
  30  2:55  Starport  
  30  2:56  Widow Mine  
  30  2:58  Orbital Command  
  32  3:00  SCV  
  33  3:12  SCV  
  34  3:20  Factory Tech Lab  
  34  3:29  Barracks  
  34  3:30  Barracks  
  34  3:36  Liberator  
  34  3:38  SCV  
  34  3:39  SCV  
  39  3:41  Siege Tank  
  39  3:42  Marine x2  
  44  3:50  Supply Depot  
  44  3:51  SCV  
  44  3:52  SCV  
  46  4:02  Supply Depot  
  46  4:11  Marine x2  
  46  4:12  SCV x2  
  46  4:14  Siege Tank  
  53  4:18  Marine  
  53  4:23  Supply Depot, Marine  
  55  4:27  Supply Depot  
  55  4:31  Liberator  
  55  4:32  Marine x2  
  55  4:36  Marine  
  55  4:37  SCV  
  62  4:45  SCV, Marine  
  64  4:55  Marine x3  
  64  4:56  Siege Tank  
  70  5:02  Supply Depot, Marine  
  71  5:12  Marine  
  71  5:13  Marine x2  
  74  5:16  Supply Depot  
  74  5:17  Supply Depot  
  74  5:20  Liberator, Marine  
  78  5:24  SCV  
  78  5:25  SCV  
  80  5:30  Marine x2  
  80  5:31  Marine  
  83  5:37  SCV  
  83  5:38  SCV, Marine  
  86  5:48  Marine x3  
  86  5:49  SCV  
  90  5:50  SCV  
  90  5:56  Marine  
  92  6:11  SCV x2  
  94  6:14  Refinery  
  94  6:15  Barracks Tech Lab x2, Engineering Bay  
  94  6:17  Starport Reactor  
  94  6:18  Siege Tank  
  97  6:19  Marine x2  
  97  6:23  SCV x2  
  101  6:35  SCV  
Show
View Real Time Build Order
Export as new Build Order

A.I. 2 (Very Easy) Protoss - Winner!

Build Orders: 1 Gate Expand, Nexus First 

Get SALT Encoding   

  12  0:00  Probe  
  13  0:13  Probe  
  14  0:19  Pylon  
  14  0:42  Gateway  
  14  1:01  Nexus  
  14  1:19  Pylon  
  14  1:20  Zealot  
  14  1:21  Assimilator  
  16  1:35  Cybernetics Core  
  16  1:36  Probe  
  17  1:48  Probe  
  18  1:59  Assimilator, Probe  
  19  2:07  Probe  
  19  2:13  Stalker, Probe  
  23  2:20  Probe  
  24  2:24  Warp Gate  
  24  2:26  Probe  
  25  2:37  Probe  
  26  2:51  Probe  
  26  2:54  Assimilator  
  26  2:58  Pylon  
  27  2:59  Probe  
  27  3:03  Probe  
  28  3:12  Robotics Facility  
  29  3:13  Probe  
  29  3:16  Probe  
  30  3:23  Probe  
  30  3:26  Zealot  
  34  3:34  Probe  
  34  3:40  Probe  
  36  3:49  Probe  
  37  3:56  Probe  
  37  3:59  Observer  
  39  4:03  Assimilator, Probe  
  40  4:10  Probe  
  40  4:11  Observer  
  41  4:18  Probe  
  41  4:21  Probe  
  44  4:32  Probe  
  44  4:36  Pylon  
  45  4:38  Probe  
  45  4:39  Sentry  
  48  4:46  Probe  
  49  4:53  Probe  
  50  5:08  Probe  
  50  5:12  Probe  
  45  5:19  Probe  
  44  5:26  Probe  
  45  5:33  Probe  
  45  5:34  Stalker  
  48  5:38  Pylon  
  43  5:44  Probe  
  44  5:51  Probe  
  45  6:03  Zealot  
  47  6:05  Probe  
  47  6:07  Pylon  
  43  6:15  Probe  
  42  6:23  Probe  
  41  6:32  Immortal, Probe  
  43  6:44  Probe  
  44  6:56  Probe  
  44  7:00  Zealot  
  48  7:08  Probe  
Tags
 
Add a new tag
Caveats
  • Supply blocks, unpowered buildings, or Contaminate may cause inaccurate times.
  • Supply counts are checked every 10 seconds.